 Dungeon Crawl Stone Soup version 0.20-a0-1117-g62da73f (webtiles) character file.

24557 Monsterracer the Spear-Bearer (level 13, -13/99 HPs)
             Began as a Merfolk Summoner on May 9, 2017.
             Was a Priest of Sif Muna.
             Splashed by an oklob plant's acid (15 damage)
             ... on level 1 of the Lair of Beasts.
             The game lasted 01:16:39 (26288 turns).

Monsterracer the Spear-Bearer (Merfolk Summoner)   Turns: 26288, Time: 01:16:40

Health: -13/99     AC:  2    Str:  8    XL:     13   Next: 13%
Magic:  27/34      EV: 23    Int: 18    God:    Sif Muna [***...]
Gold:   763        SH:  0    Dex: 14    Spells: 7/29 levels left

rFire    . . .     SeeInvis .   C - staff of wizardry
rCold    . . .     Gourm    .   (no shield)
rNeg     . . .     Faith    .   o - +0 steam dragon scales
rPois    .         Spirit   .   (no helmet)
rElec    .         Reflect  .   p - +2 cloak
rCorr    .         Harm     .   s - +0 pair of gloves
MR       +....                  E - +0 pair of boots
Stlth    ++........             l - amulet of magic regeneration
Regen    0.3/turn               d - +4 ring of evasion
MPRegen  0.4/turn               q - ring of magical power

@: corroded
A: change form in water, swift swim, stealthy swim, dopey 1, magic resistance 1
a: Divine Energy, Channel Magic, Renounce Religion


You were on level 1 of the Lair of Beasts.
You worshipped Sif Muna.
Sif Muna was most pleased with you.
You were very hungry.

You visited 3 branches of the dungeon, and saw 15 of its levels.
You also visited: Ossuary.

You collected 763 gold pieces.

Inventory:

Hand Weapons
 b - a +3 trident
Armour
 o - +0 steam dragon scales (worn)
 p - a +2 cloak (worn)
 s - a +0 pair of gloves (worn)
 E - a +0 pair of boots (worn)
Magical Staves
 C - an uncursed staff of wizardry (weapon)
Jewellery
 d - a +4 ring of evasion (left hand)
 j - an uncursed ring of fire
 l - an amulet of magic regeneration (around neck)
 q - a ring of magical power (right hand)
Wands
 e - a wand of iceblast (13/15)
 x - a wand of lightning (8/15)
 y - a wand of lightning (8/15)
 G - a wand of confusion (31/48)
 I - a wand of lightning (12/15)
Scrolls
 a - a scroll of blinking
 f - 6 scrolls of identify
 i - 8 scrolls of remove curse
 m - 2 scrolls of teleportation
 r - a scroll of recharging
 t - 2 scrolls of enchant weapon
 u - a scroll of amnesia
 z - a scroll of magic mapping
 D - 2 scrolls of summoning
 F - a scroll of fear
Potions
 h - 2 potions of brilliance
 k - 2 potions of magic
 n - 6 potions of curing
 A - a potion of flight
 H - a potion of heal wounds
Comestibles
 c - 10 bread rations
 g - 10 meat rations
 v - 12 royal jellies
 w - 9 fruits


   Skills:
 + Level 8.6 Fighting
 - Level 14.4 Polearms
 + Level 10.6 Dodging
 - Level 2.1 Stealth
 + Level 8.7 Spellcasting
 - Level 2.0 Hexes
 - Level 11.0 Summonings
 - Level 3.0 Ice Magic
 + Level 6.9 Invocations


You had 7 spell levels left.
You knew the following spells:

 Your Spells              Type           Power        Failure   Level  Hunger
a - Summon Butterflies    Summ           #####...     1%          1    None
b - Call Imp              Summ           #####...     1%          2    None
c - Call Canine Familiar  Summ           #####...     1%          3    None
d - Summon Ice Beast      Ice/Summ       ####....     1%          4    ###....
e - Fulminant Prism       Conj/Hex       ##........   24%         4    ###....
f - Dazzling Spray        Conj/Hex       ##....       8%          3    None
g - Swiftness             Chrm/Air       #.......     6%          2    None
h - Tukima's Dance        Hex            ###.....     4%          3    None


Dungeon Overview and Level Annotations

Branches:
Dungeon (10/15)            Temple (1/1) D:6            Lair (4/6) D:8
 Shoals (0/4) Lair:2          Orc (0/2) D:9
  Snake: Lair:2-4    Spider: Lair:2-4

Altars:
Ashenzari
Cheibriados
Dithmenos
Elyvilon
Fedhas
Gozag
Hepliaklqana
Kikubaaqudgha
Makhleb
Nemelex Xobeh
Okawaru
Qazlal
Ru
Sif Muna
Trog
Uskayaw
Vehumet
Wu Jian
Xom
Yredelemnul
Zin
The Shining One

Annotations:
Lair:1 exclusion: 4 oklob plants


Innate Abilities, Weirdness & Mutations

You revert to your normal form in water.
You are very nimble and swift while swimming.
You are very stealthy in the water. (Stealth+)
You are dopey. (Int -2)
You are resistant to hostile enchantments. (MR+)


Message History

The oklob plant is lightly damaged.
The blast of energy engulfs the plant.
The plant is moderately damaged.
The blast of energy engulfs the oklob plant.
The oklob plant is lightly damaged.
Casting: Fulminant Prism
Confirm with . or Enter, or press ? or * to list all spells.
Aiming: Fulminant Prism
Press: ? - help, Dir - move target cursor You conjure a prism of explosive energy!
The oklob plant spits acid at you. The splash of acid hits you!
* * * LOW HITPOINT WARNING * * *
The acid corrodes you!
You are splashed with acid!
The acid burns!
* * * LOW HITPOINT WARNING * * *
The oklob plant spits acid at you. The splash of acid hits you!
* * * LOW HITPOINT WARNING * * *
The acid corrodes you!
You are splashed with acid!
The acid burns!
You die...

#####..# #.######.#### ..##..#
#?|..P #.......#.... ...#..#
#$...P ###...........# .....##
#P).$.###P.......#..>.. .....#
#"P*.$#.#.............. .....#
##PP.P.#................
.....##
#..................####.
#.....# #.................# ##
##.(..# #..P##@...........## #
#...### #.P# #.............#
#...# ##.# #.............#
...## ####..#####......>.....#
...####......#.##.....รท......#
...##.........#####..........#
...#...........####.........##
..##................#P####.##
..#...............##### ##..#


You could see 4 oklob plants and a friendly fulminant prism.

Vanquished Creatures
  Rupert (Lair:3)
  A hydra (Lair:4)
  A death yak (Lair:2)
  2 two-headed ogres
  A black mamba (Lair:4)
  Maurice (D:8)
  6 spiny frogs
  Psyche (D:8)
  2 komodo dragons
  A harpy zombie (D:9)
  A polar bear (Lair:4)
  5 hippogriffs
  2 blink frogs (Lair:1)
  4 yaks (Lair:3)
  2 wyverns (Lair:3)
  A basilisk (Lair:3)
  6 water moccasins
  A hell hound (D:8)
  7 porcupines
  An orc warrior (D:9)
  5 ice beasts
  3 sky beasts
  A phantom (D:8)
  2 wolves
  An ogre (D:9)
  The ghost of Shinoi the Slasher, an amateur DsBe of Trog (D:3)
  A centaur (D:6)
  3 crocodiles
  A big kobold (D:10)
  2 elf zombies (Ossuary)
  10 bullfrogs
  A scorpion (D:10)
  7 killer bees
  12 wights
  4 howler monkeys
  4 electric eels
  5 crimson imps
  A quasit (D:10)
  A bullfrog zombie (D:6)
  5 orc wizards
  3 hounds
  A human zombie (Ossuary)
  3 orc priests
  2 centaur skeletons
  2 iguanas
  3 worker ants
  2 hell rats (Lair:4)
  A big kobold zombie (Ossuary)
  4 hound zombies
  A hound skeleton (D:6)
  3 mummies (Ossuary)
  A worker ant zombie (D:5)
  6 adders
  2 gnolls (D:9)
  A howler monkey skeleton (D:4)
  6 river rats (Lair:4)
  A shadow imp (D:10)
  3 adder skeletons
  5 adder zombies
  2 worms
  A dart slug (D:2)
  3 leopard geckos (D:3)
  20 orcs
  4 giant cockroaches
  2 gnoll zombies (Ossuary)
  4 goblins
  5 hobgoblins
  2 jackals
  6 kobolds
  3 quokkas
  10 bats
  5 frilled lizards
  4 goblin zombies (Ossuary)
  2 hobgoblin zombies (Ossuary)
  5 jackal zombies (Ossuary)
  3 kobold zombies (Ossuary)
  A leopard gecko skeleton (D:4)
  2 quokka zombies (Ossuary)
  5 rats
  2 rat zombies (Ossuary)
  A fungus (D:2)
259 creatures vanquished.

Vanquished Creatures (collateral kills)
  2 hydras (Lair:1)
  A two-headed ogre (D:8)
  5 death yaks (Lair:2)
  A lindwurm (Lair:3)
  A manticore (Lair:2)
  2 black mambas
  Joseph (D:7)
  5 spiny frogs
  A komodo dragon (Lair:3)
  A troll (D:8)
  4 hornets
  Prince Ribbit (Lair:1)
  A hippogriff (Lair:2)
  Grinder (D:5)
  5 blink frogs
  Sigmund (D:6)
  A spriggan (Lair:3)
  A wyvern (Lair:4)
  9 yaks
  A hungry ghost (D:8)
  A steam dragon (D:6)
  2 water moccasins
  A porcupine (Lair:1)
  A hell hound (D:8)
  An orc warrior (D:7)
  3 black bears
  A sky beast (D:8)
  A phantom (D:5)
  4 ice beasts
  4 ogres
  7 wolves
  3 centaurs
  2 crocodiles
  Blork the orc (D:5)
  5 bullfrogs
  2 scorpions
  6 wights
  2 crimson imps
  2 orc priests
  3 hounds
  Crazy Yiuf (D:2)
  A jelly (D:6)
  2 iguanas
  4 orc wizards
  6 worker ants
  A hound zombie (D:5)
  A hound skeleton (D:7)
  15 adders
  2 gnolls
  A shadow imp (D:8)
  An adder skeleton (D:5)
  2 worms (D:3)
  A dart slug (D:3)
  4 leopard geckos
  15 orcs
  5 goblins (D:1)
  3 hobgoblins
  8 jackals
  2 quokkas
  A ball python (D:1)
  3 bats
  A frilled lizard (D:1)
  8 kobolds
  2 kobold zombies (Ossuary)
  2 rats (D:1)
  A rat zombie (Ossuary)
  A butterfly (Lair:4)
191 creatures vanquished.

Vanquished Creatures (others)
  7 bushes (Lair:3)
  2 fulminant prisms (Lair:1)
  8 fungi
  10 plants
27 creatures vanquished.

Grand Total: 477 creatures vanquished

Notes
Turn   | Place    | Note
-------+----------+-------------------------------------------
     0 | D:1      | Monsterracer the Merfolk Summoner began the quest for the Orb.
     0 | D:1      | Reached XP level 1. HP: 13/13 MP: 3/3
   337 | D:1      | Reached XP level 2. HP: 12/19 MP: 3/5
   341 | D:1      | Learned a level 2 spell: Call Imp
   968 | D:2      | Reached XP level 3. HP: 16/24 MP: 1/6
   973 | D:2      | Learned a level 3 spell: Call Canine Familiar
  1184 | D:2      | Reached skill level 5 in Summonings
  1492 | D:2      | Gained mutation: You are dopey. (Int -2) [potion of mutation]
  1492 | D:2      | Gained mutation: You are resistant to hostile enchantments. (MR+) [potion of mutation]
  1624 | D:2      | Reached XP level 4. HP: 30/30 MP: 1/7
  1737 | D:2      | Found a runed door.
  1744 | D:2      | Noticed Crazy Yiuf
  1767 | D:2      | Killed Crazy Yiuf
  1997 | D:3      | Noticed Shinoi's ghost (amateur DsBe)
  2010 | D:3      | Killed Shinoi's ghost
  2010 | D:3      | Reached XP level 5. HP: 35/35 MP: 2/9
  2016 | D:3      | Learned a level 4 spell: Summon Ice Beast
  2506 | D:3      | Found a radiant altar of Vehumet.
  3103 | D:4      | Reached XP level 6. HP: 41/41 MP: 8/11
  3262 | D:4      | Found a hide-covered altar of Uskayaw.
  3263 | D:4      | Noticed a dagger
  3264 | D:4      | Noticed a hand axe
  4081 | D:4      | Reached skill level 1 in Polearms
  4444 | D:5      | Entered Level 5 of the Dungeon
  4576 | D:5      | Reached skill level 2 in Polearms
  4836 | D:5      | Noticed a phantom
  4838 | D:5      | Noticed Blork the orc
  4851 | D:5      | Killed Blork the orc
  4851 | D:5      | Reached XP level 7. HP: 46/46 MP: 1/12
  4875 | D:5      | Reached skill level 3 in Polearms
  4972 | D:5      | Found an ornate altar of the Wu Jian Council.
  5199 | D:5      | Reached skill level 4 in Polearms
  5668 | D:5      | Noticed Grinder
  5703 | D:5      | Killed Grinder
  5703 | D:5      | Reached skill level 5 in Polearms
  5703 | D:5      | Reached XP level 8. HP: 52/52 MP: 5/14
  6080 | D:6      | Found an iron altar of Okawaru.
  6153 | D:6      | Found a stormy altar of Qazlal.
  6463 | D:6      | Found a staircase to the Ecumenical Temple.
  6479 | Temple   | Entered the Ecumenical Temple
  6534 | Temple   | Became a worshipper of Sif Muna the Loreminder
  6608 | D:6      | Noticed Sigmund
  6620 | D:6      | Killed Sigmund
  6620 | D:6      | Reached skill level 6 in Polearms
  6754 | D:6      | Found a stormy altar of Qazlal.
  7060 | D:6      | Reached skill level 7 in Polearms
  7639 | D:6      | Reached * piety under Sif Muna
  7639 | D:6      | Reached skill level 5 in Spellcasting
  7838 | D:6      | Reached XP level 9. HP: 46/57 MP: 12/16
  7971 | D:6      | Reached skill level 8 in Polearms
  8489 | D:7      | Noticed Joseph
  8515 | D:7      | Killed Joseph
  8515 | D:7      | Reached ** piety under Sif Muna
  8515 | D:7      | Reached skill level 1 in Fighting
  8569 | D:7      | Found a glowing silver altar of Zin.
  8623 | D:7      | Found a white marble altar of Elyvilon.
  8626 | D:7      | Found a glowing golden altar of the Shining One.
  8854 | D:7      | Reached skill level 10 in Summonings
  8982 | D:7      | Found a sand-covered staircase.
  8989 | Ossuary  | Entered an ossuary
  9245 | Ossuary  | Reached skill level 9 in Polearms
  9833 | D:7      | Reached skill level 1 in Ice Magic
  9993 | D:7      | Reached XP level 10. HP: 68/70 MP: 16/18
 10037 | D:8      | Found a hazy altar of Hepliaklqana.
 10049 | D:8      | Reached skill level 5 in Dodging
 10274 | D:8      | Reached *** piety under Sif Muna
 10520 | D:8      | Reached skill level 10 in Polearms
 10740 | D:8      | Found a staircase to the Lair.
 11049 | D:8      | Noticed Maurice
 11429 | D:8      | Killed Maurice
 11484 | D:8      | Noticed Psyche
 11497 | D:8      | Killed Psyche
 11872 | D:8      | Reached skill level 11 in Polearms
 11994 | Lair:1   | Entered Level 1 of the Lair of Beasts
 12273 | Lair:1   | Noticed an oklob plant
 12284 | Lair:1   | Noticed a spiny frog
 12289 | Lair:1   | Noticed a four-headed hydra
 12301 | Lair:1   | Killed a spiny frog
 12660 | D:9      | Found a staircase to the Orcish Mines.
 12739 | D:9      | Found an ancient bone altar of Kikubaaqudgha.
 12739 | D:9      | Found a blossoming altar of Fedhas.
 12739 | D:9      | Found a shattered altar of Ashenzari.
 12739 | D:9      | Found a burning altar of Makhleb.
 12758 | D:9      | Noticed a two-headed ogre
 12766 | D:9      | Killed a two-headed ogre
 12766 | D:9      | Reached skill level 5 in Fighting
 12766 | D:9      | Reached skill level 1 in Invocations
 13098 | D:9      | Reached XP level 11. HP: 80/80 MP: 6/20
 13192 | D:9      | Learned a level 2 spell: Swiftness
 13334 | D:9      | Found an opulent altar of Gozag.
 13592 | D:9      | Noticed a two-headed ogre
 13842 | D:8      | Killed a two-headed ogre
 13842 | D:8      | Reached skill level 12 in Polearms
 14056 | D:9      | Learned a level 4 spell: Fulminant Prism
 14060 | D:9      | Learned a level 3 spell: Dazzling Spray
 14081 | D:9      | Found a burning altar of Makhleb.
 14276 | D:9      | Paralysed by a hornet for 1 turns
 14552 | D:10     | Entered Level 10 of the Dungeon
 15092 | D:10     | Learned a level 1 spell: Summon Butterflies
 15096 | D:10     | Learned a level 3 spell: Tukima's Dance
 15990 | D:10     | Noticed a two-headed ogre
 16026 | D:10     | Killed a two-headed ogre
 16026 | D:10     | Reached skill level 1 in Hexes
 16034 | D:10     | Reached **** piety under Sif Muna
 16239 | D:10     | Noticed an orc knight
 16634 | Lair:1   | Noticed Prince Ribbit
 16649 | Lair:1   | Killed Prince Ribbit
 16953 | Lair:1   | Noticed a six-headed hydra
 16961 | Lair:1   | Killed a six-headed hydra
 16961 | Lair:1   | Reached skill level 13 in Polearms
 17132 | Lair:1   | Killed a four-headed hydra
 18381 | Lair:1   | Noticed an oklob plant
 18381 | Lair:1   | Noticed an oklob plant
 18584 | Lair:2   | Found a staircase to the Shoals.
 18584 | Lair:2   | Noticed a manticore
 18598 | Lair:2   | Killed a manticore
 18719 | Lair:2   | Reached XP level 12. HP: 84/89 MP: 11/23
 20313 | Lair:3   | Reached skill level 14 in Polearms
 20522 | Lair:3   | Reached skill level 5 in Invocations
 20893 | Lair:3   | HP: 4/91 [poisoned by a black mamba]
 20898 | Lair:3   | HP: 2/91 [poisoned by a black mamba]
 20904 | Lair:3   | HP: 1/91 [poisoned by a black mamba]
 20912 | Lair:3   | HP: 1/91 [poisoned by a black mamba]
 20920 | Lair:3   | HP: 1/91 [poisoned by a black mamba]
 21311 | Lair:3   | Noticed Rupert
 21314 | Lair:3   | Paralysed by Rupert for 2 turns
 21332 | Lair:3   | Killed Rupert
 22523 | Lair:3   | Noticed a death yak
 22526 | Lair:3   | Noticed a death yak
 22528 | Lair:3   | Noticed a death yak
 22530 | Lair:3   | Noticed a death yak
 22531 | Lair:3   | Noticed a death yak
 22733 | Lair:2   | Killed a death yak
 22996 | Lair:2   | Killed a death yak
 23108 | Lair:3   | Noticed a death yak
 23138 | Lair:2   | Killed a death yak
 23296 | Lair:2   | Killed a death yak
 23418 | Lair:2   | Killed a death yak
 23473 | Lair:2   | Killed a death yak
 23473 | Lair:2   | Reached skill level 10 in Dodging
 24537 | Lair:4   | Reached XP level 13. HP: 32/98 MP: 25/25
 26288 | Lair:1   | HP: 2/99 [oklob plant/splash of acid (9)]
 26288 | Lair:1   | Splashed by an oklob plant's acid

Vault maps used:
D:1:      scummos_arrival_simple_fountains
D:2:      uniq_crazy_yiuf_cottage
D:3:      vehumet_crystals, first_bread
D:4:      dancing_weapons_uskayaw, minmay_curled_crystal
D:5:      lemuel_doored_altar, uniq_blork_the_orc, uniq_grinder
D:6:      okawaru_altar_gauntlet_db, minmay_temple_entry_fiery, basic_altar,
          grunt_qazlal_clouds, uniq_sigmund
D:7:      good_gods_mini_temple, nicolae_ossuary_entry_monument, uniq_joseph
D:8:      minmay_lair_entry_lava, basic_altar, uniq_psyche, uniq_maurice
D:9:      nicolae_gozag_cash_rules_everything_around_me,
          chequers_temple_overflow_statue_of_worship, orc_0_dummy, basic_altar,
          hangedman_pestilent_swarm
D:10:     cheibrodos_barr_body, kennysheep_generic_room_10
Temple:   compressed_dpeg_circular_temple
Lair:1:   minmay_lair_oklob_chamber, uniq_prince_ribbit2
Lair:2:   minmay_shoals_entry_beasts, minivault_27, gammafunk_lair_bear_cave,
          lemuel_fruit_fields, lemuel_fruit_tree
Lair:3:   grunt_forest_large_clearing_hut, grunt_megastairs_1,
          serial_bayou_shore_b, serial_bayou_shore_a, uniq_rupert
Lair:4:   minmay_snake_entry_six_corridors, kennysheep_rathole,
          infiniplex_staircase_pool_2
Ossuary:  minmay_ossuary_two_tombs

Skill      XL: |  1  2  3  4  5  6  7  8  9 10 11 12 |
---------------+-------------------------------------+-----
Summonings     | 5 6 7 9 10 11 | 11.0
Spellcasting   | 3 4 5 6 7 8 |  8.7
Polearms       | 2 5 7 9 11 13 14 | 14.4
Dodging        | 4 6 8 10 | 10.6
Fighting       | 3 5 6 8 |  8.6
Ice Magic      | 1 3 |  3.0
Invocations    | 1 4 6 |  6.9
Hexes          | 1 2 |  2.0
Stealth        | |  2.1

Action                   |  1- 3 |  4- 6 |  7- 9 | 10-12 | 13-15 || total
-------------------------+-------+-------+-------+-------+-------++-------
Melee: Unarmed           |    16 |       |       |       |       ||    16
       Short sword       |    14 |       |       |       |       ||    14
       Mace              |    55 |    14 |       |       |       ||    69
       Quarterstaff      |       |    54 |       |       |       ||    54
       Trident           |       |    85 |   610 |   980 |   128 ||  1803
       Tailslap          |       |       |       |     2 |       ||     2
       Staff             |       |       |       |       |     4 ||     4
 Cast: Summon Small Mamm |    16 |    12 |       |       |       ||    28
       Call Imp          |    17 |    42 |    44 |    34 |     5 ||   142
       Call Canine Famil |     1 |    15 |    19 |    16 |     1 ||    52
       Summon Ice Beast  |       |       |    28 |   153 |    12 ||   193
       Summon Butterflie |       |       |       |     7 |     3 ||    10
       Fulminant Prism   |       |       |       |       |     3 ||     3
       Swiftness         |       |       |       |       |     1 ||     1
  Use: Potion            |     5 |     1 |     8 |     2 |     2 ||    18
       Scroll            |       |     5 |     6 |    15 |       ||    26
 Stab: Sleeping          |     1 |     3 |    11 |     3 |       ||    18
       Confused          |       |     1 |       |       |       ||     1
       Distracted        |       |     2 |     6 |    12 |     2 ||    22
  Eat: Chunk             |     4 |    12 |    14 |    46 |     5 ||    81
       Royal jelly       |       |     1 |     1 |       |       ||     2
       Meat ration       |       |       |     2 |     2 |       ||     4
       Fruit             |       |       |     1 |    10 |     2 ||    13
       Bread ration      |       |       |       |     1 |       ||     1
Armor: Robe              |    20 |    26 |    23 |       |       ||    69
       Steam dragon scal |       |       |    59 |   112 |    10 ||   181
Dodge: Dodged            |   108 |   133 |   295 |   606 |    90 ||  1232
